 Dungeon Crawl Stone Soup version 0.20-a0-871-g785f14b (webtiles) character file.

137 dvd the Ducker (level 5, 0/49 HPs)
             Began as a Troll Warper on Mar 14, 2017.
             Slain by a gnoll
             ... wielding a +0 spear
              (5 damage)
             ... on level 3 of the Dungeon.
             The game lasted 00:09:12 (2474 turns).

dvd the Ducker (Troll Warper)                       Turns: 2474, Time: 00:09:14

Health: 0/49       AC:  5    Str: 19    XL:     5   Next: 0%
Magic:  6/6        EV: 10    Int:  9    God:
Gold:   224        SH:  0    Dex: 10    Spells: 2/6 levels left

rFire    + . .     SeeInvis .   a - +0 spear
rCold    x . .     Gourm    +   b - +0 robe
rNeg     . . .     Faith    .   (no shield)
rPois    .         Spirit   .   (helmet restricted)
rElec    .         Reflect  .   (no cloak)
rCorr    .         Harm     .   (gloves unavailable)
MR       .....                  (boots unavailable)
Stlth    +.........             (no amulet)
Regen    0.6/turn               (no ring)
MPRegen  0.1/turn               y - ring of fire

@: no status effects
A: unfitting armour, claws 3, fast metabolism 3, gourmand, regeneration 1,
shaggy fur 1, tough skin 2
a: no special abilities


You were on level 3 of the Dungeon.
You were completely stuffed.

You visited 1 branch of the dungeon, and saw 3 of its levels.

You collected 224 gold pieces.

Inventory:

Hand Weapons
 a - a +0 spear (weapon)
 v - a +3 dagger of protection
 x - a +2 dagger of electrocution
Missiles
 e - 5 tomahawks of dispersal (quivered)
Armour
 b - a +0 robe (worn)
 C - a +0 large shield
Magical Staves
 A - an uncursed staff of air
Jewellery
 y - a ring of fire (left claw)
 B - an uncursed ring of flight {unknown}
Wands
 t - a wand of enslavement (16/24)
Scrolls
 d - a scroll of blinking
 h - 5 scrolls of identify
 l - 2 scrolls of remove curse
 q - a scroll of fear {unknown}
 r - a scroll of teleportation {unknown}
 u - a scroll of amnesia {unknown}
Potions
 g - 3 potions of curing {unknown}
 i - 2 potions of degeneration {unknown}
 j - 2 potions of mutation {unknown}
 m - a potion of lignification {unknown}
 n - a potion of brilliance {unknown}
 o - a potion of flight {unknown}
 p - a potion of cancellation {unknown}
Books
 c - a book of Spatial Translocations

   Spells                             Type                      Level
   a - Blink                          Translocation                2
   b - Shroud of Golubria             Charms/Translocation         2
   c - Lesser Beckoning               Translocation                3
   d - Gell's Gravitas                Translocation                3
   e - Teleport Other                 Translocation                3
   f - Passage of Golubria            Translocation                4
Comestibles
 f - 3 bread rations
 k - a royal jelly
 s - a meat ration
 w - 3 fruits
 z - 3 chunks of flesh


   Skills:
 + Level 2.0 Fighting
 + Level 2.7 Polearms
 + Level 0.8 Throwing
 + Level 3.0 Dodging
 + Level 0.1 Stealth
 + Level 1.4 Spellcasting
 + Level 0.4 Charms
 + Level 2.3 Translocations


You had 2 spell levels left.
You knew the following spells:

 Your Spells              Type           Power        Failure   Level  Hunger
a - Shroud of Golubria    Chrm/Tloc      #.........   34%         2    ###....
b - Blink                 Tloc           N/A          21%         2    ###....


Dungeon Overview and Level Annotations

Branches:
Dungeon (3/15)

Altars:
Ru


Innate Abilities, Weirdness & Mutations

You are too large for most types of armour.
You have claws for hands.
Your metabolism is lightning-fast.
You like to eat raw meat.
Your natural rate of healing is unusually fast.
You are covered in fur. (AC +1)
You have very tough skin. (AC +2)


Message History

The gnoll barely misses you.
The leopard gecko bites you but does no damage.
The gnoll hits you with a spear!
You closely miss the leopard gecko.
The leopard gecko is almost dead.
The leopard gecko closely misses you. The gnoll barely misses you.
The gnoll hits you but does no damage.
You closely miss the leopard gecko.
The leopard gecko is almost dead.
The leopard gecko bites you but does no damage.
The gnoll hits you from afar with a spear!
* * * LOW HITPOINT WARNING * * *
The gnoll hits you with a spear.
* * * LOW HITPOINT WARNING * * *
The leopard gecko bites you.
* * * LOW HITPOINT WARNING * * *
You miss the leopard gecko.
The leopard gecko is almost dead.
The gnoll hits you but does no damage. The gnoll hits you with a spear.
You die...

.####...######...# #.#
.# #..###..###.)# #l# .#
##.###....###.# #g# .#
#..##....).##.# #.# .#
#.............#####g#
.###.###.#...........#.#
..............g<.#.#.#.#
####.###)#.##.#g###..#.#
#.#####.##.##@#...g.#
#.......##.###l##.###
##########........#
##########


You could see 2 gnolls and a leopard gecko.

Vanquished Creatures
  A gnoll (D:2)
  5 adders
  An ooze (D:3)
  3 worms (D:2)
  A dart slug (D:3)
  2 leopard geckos
  An orc (D:3)
  2 ball pythons
  9 bats
  A giant cockroach (D:3)
  17 goblins
  7 hobgoblins (D:3)
  3 kobolds
  2 frilled lizards
  9 rats
64 creatures vanquished.

Notes
Turn   | Place    | Note
-------+----------+-------------------------------------------
     0 | D:1      | dvd the Troll Warper began the quest for the Orb.
     0 | D:1      | Reached XP level 1. HP: 19/19 MP: 1/1
   132 | D:1      | Reached skill level 2 in Dodging
   308 | D:1      | Reached XP level 2. HP: 28/28 MP: 2/2
   512 | D:1      | Learned a level 2 spell: Shroud of Golubria
   958 | D:2      | Reached XP level 3. HP: 34/35 MP: 4/4
   964 | D:2      | Learned a level 2 spell: Blink
  1608 | D:2      | Found a sacrificial altar of Ru.
  1751 | D:3      | Reached XP level 4. HP: 42/42 MP: 5/5
  2433 | D:2      | Reached skill level 3 in Dodging
  2433 | D:2      | Reached XP level 5. HP: 32/49 MP: 6/6
  2474 | D:3      | Slain by a gnoll

Vault maps used:
D:1:      lightli_arrival_noodles, hex_large
D:2:      grunt_ministairs_10, nicolae_ru_path_of_blood
D:3:      cheibrodos_greedy_goblins, minivault_19

Skill      XL: |  1  2  3  4 |
---------------+-------------+-----
Dodging        | 2 3 |  3.0
Polearms       | 2 |  2.7
Fighting       | 2 |  2.0
Throwing       | |  0.8
Stealth        | |  0.1
Spellcasting   | |  1.4
Charms         | |  0.4
Translocations | |  2.3

Action                   |  1- 3 |  4- 6 || total
-------------------------+-------+-------++-------
Melee: Spear             |   205 |   134 ||   339
 Cast: Shroud of Golubri |     4 |     4 ||     8
  Use: Scroll            |     2 |       ||     2
 Stab: Sleeping          |     2 |     1 ||     3
  Eat: Chunk             |    22 |     8 ||    30
Armor: Robe              |    59 |    36 ||    95
Dodge: Dodged            |    89 |    73 ||   162
